 Dungeon Crawl Stone Soup version 0.21.0-24-g2553a33 (webtiles) character file.

9538 pstr the Geomancer (level 11, -6/85 HPs)
             Began as a Naga Earth Elementalist on Jan 20, 2018.
             Was an Elder of Nemelex Xobeh.
             Shot with an arrow by a centaur (8 damage)
             ... on level 11 of the Dungeon.
             The game lasted 00:43:31 (13392 turns).

pstr the Geomancer (Naga Earth Elementalist)       Turns: 13392, Time: 00:43:32

Health: -6/85      AC: 11    Str: 10    XL:     11   Next: 48%
Magic:  32/39      EV: 10    Int: 20    God:    Nemelex Xobeh [****..]
Gold:   763        SH:  0    Dex: 11    Spells: 19/29 levels left

rFire    + . .     SeeInvis +   T - staff of power
rCold    x . .     Gourm    .   (no shield)
rNeg     . . .     Faith    +   F - +3 leather armour
rPois    +         Spirit   .   (no helmet)
rElec    .         Reflect  .   M - +2 cloak
rCorr    .         Harm     .   (no gloves)
MR       +....                  (no barding)
Stlth    ++........             K - amulet of faith
HPRegen  0.24/turn              y - ring of fire
MPRegen  0.26/turn              (no ring)

@: very slow
A: large, see invisible, deformed body, poison resistance, slowness 2, slow
metabolism 1, spit poison 1, AC +3
a: Spit Poison, Triple Draw, Deal Four, Renounce Religion


You were on level 11 of the Dungeon.
You worshipped Nemelex Xobeh.
Nemelex Xobeh was greatly pleased with you.
You were not hungry.

You visited 1 branch of the dungeon, and saw 11 of its levels.

You collected 763 gold pieces.

Inventory:

Missiles
 b - 286 stones (quivered)
 t - 183 arrows
Armour
 p - a cursed +0 leather armour
 D - a +1 leather armour of cold resistance
 F - a +3 leather armour (worn)
 H - a +1 leather armour of fire resistance
 M - a +2 cloak (worn)
Magical Staves
 x - an uncursed staff of fire
 T - an uncursed staff of power (weapon)
Jewellery
 r - an uncursed amulet of harm
 y - a ring of fire (left hand)
 E - the ring "Watopena" {rPois rN+ MR+ Dex-3 Slay+2, unknown}
   (You found it on level 9 of the Dungeon)

   [ring of slaying]

   It affects your dexterity (-3).
   It affects your accuracy and damage with ranged weapons and melee attacks
   (+2).
   It protects you from poison.
   It protects you from negative energy.
   It affects your resistance to hostile enchantments.
 K - an amulet of faith (around neck)
 V - an uncursed ring of resist corrosion {unknown}
Wands
 I - a wand of flame (27)
 R - a wand of acid (6)
 S - a wand of clouds (8)
Scrolls
 f - 7 scrolls of teleportation
 i - 7 scrolls of remove curse
 n - a scroll of magic mapping
 u - 2 scrolls of blinking
 A - a scroll of random uselessness
 C - a scroll of summoning
 G - a scroll of fear {unknown}
 J - a scroll of fog {unknown}
 L - a scroll of immolation {unknown}
 Q - a scroll of noise
 X - a scroll of enchant armour {unknown}
 Y - a scroll of amnesia
Potions
 h - a potion of flight {unknown}
 j - a potion of brilliance
 k - 4 potions of curing
 m - 2 potions of haste
 o - a potion of ambrosia
 q - a potion of might
 s - a potion of berserk rage
 w - a potion of heal wounds {unknown}
 z - 2 potions of lignification
 N - 2 potions of magic {unknown}
 O - a potion of agility {unknown}
Books
 e - a book of Geomancy

   Spells                             Type                      Level
   a - Sandblast                      Earth                        1
   b - Passwall                       Transmutation/Earth          2
   c - Stone Arrow                    Conjuration/Earth            3
   d - Petrify                        Transmutation/Earth          4
   e - Lee's Rapid Deconstruction     Earth                        5
 l - a book of Cantrips

   Spells                             Type                      Level
   a - Confusing Touch                Hexes                        1
   b - Animate Skeleton               Necromancy                   1
   c - Summon Small Mammal            Summoning                    1
   d - Apportation                    Translocation                1
 W - a book of Enchantments

   Spells                             Type                      Level
   a - Cause Fear                     Hexes                        4
   b - Yara's Violent Unravelling     Hexes/Transmutation          5
   c - Silence                        Hexes/Air                    5
   d - Deflect Missiles               Charms/Air                   6
   e - Discord                        Hexes                        8
Miscellaneous
 a - a plain deck of summoning {drawn: 1}
 B - a plain deck of escape {drawn: 2}
 P - an ornate deck of destruction {drawn: 1}
 Z - an ornate deck of destruction
Comestibles
 c - 9 chunks of flesh
 d - 23 rations


   Skills:
 + Level 1.4 Fighting
 + Level 0.3 Staves
 + Level 3.8 Armour
 + Level 3.1 Dodging
 + Level 4.6 Stealth
 + Level 9.7 Spellcasting
 + Level 7.5 Conjurations
 + Level 1.4 Necromancy
   Level 1.0 Transmutations
 + Level 10.2 Earth Magic
 + Level 2.8 Invocations


You had 19 spell levels left.
You knew the following spells:

 Your Spells              Type           Power        Failure   Level  Hunger
a - Sandblast             Erth           ######       1%          1    None
b - Stone Arrow           Conj/Erth      #####.       1%          3    None
c - Lee's Rapid Deconstr  Erth           ######....   3%          5    #####..
d - Animate Skeleton      Necr           N/A          5%          1    None


Dungeon Overview and Level Annotations

Branches:
Dungeon (11/15)            Temple (0/1) D:7             Orc (0/2) D:9
   Lair: D:8-11

Altars:
Ashenzari
Cheibriados
Fedhas
Gozag
Hepliaklqana
Nemelex Xobeh
Okawaru
Qazlal
Trog
Vehumet
Xom
Yredelemnul
The Shining One

Shops:
D:7 *   D:8 [


Innate Abilities, Weirdness & Mutations

You cannot wear boots.
Your serpentine skin is tough. (AC +3)
You have supernaturally acute eyesight. (SInv)
Armour fits poorly on your strangely shaped body.
Your system is resistant to poisons. (rPois)
You cover ground very slowly.
You have a slow metabolism.
You can spit poison.


Message History

Evoke which item? (* to show all) (? for menu, Esc to quit)
You draw a card...
It is Velocity.
The centaur seems to slow down. x4
The centaur looks more healthy.
The centaur shoots an arrow.
The arrow closely misses you.
The centaur shoots an arrow.
The arrow barely misses you.
The centaur shoots an arrow.
The arrow barely misses you.
The centaur shoots an arrow.
The arrow hits you.
The centaur shoots an arrow.
The arrow hits you!
The centaur shoots an arrow.
The arrow hits you!
* * * LOW HITPOINT WARNING * * *
You see here 2 arrows.
The centaur shoots an arrow.
The arrow hits you!
* * * LOW HITPOINT WARNING * * *
You see here an arrow.
The centaur shoots an arrow.
The arrow barely misses you.
You see here an arrow.
The centaur shoots an arrow.
The arrow hits you!
* * * LOW HITPOINT WARNING * * *
The centaur shoots an arrow.
The arrow hits you!
You die...
Your body glows with a rainbow of weird colours and disappears.

#.# #.# #...# ..... #.#
#...# ....... #.# #...#
........# #.# #...#
.........# #.# #...#####
.........#######.###........
.............<)).)..........
...........@..)..[.)..<.....
..).......(#######....######
#.......(# ##...# #......(.#
#...# #......(.###### #.....
###......(....... .......
......((.(..........######
....c.c)cc.########.#
##.....(...#


You could see 4 centaurs.

Vanquished Creatures
  Gastronok (D:8)
  A two-headed ogre (D:10)
  An unseen horror (D:10)
  An ugly thing (D:10)
  A troll (D:10)
  Grinder (D:5)
  3 hippogriffs
  Sigmund (D:6)
  A shadow (D:11)
  2 wyverns
  A wraith (D:9)
  2 hungry ghosts
  2 water moccasins
  Duvessa (D:6)
  3 sky beasts
  7 ogres
  3 orc warriors
  7 phantoms (D:9)
  4 centaurs
  A big kobold (D:10)
  6 bullfrogs
  Dowan (D:6)
  4 scorpions
  2 troll zombies (D:9)
  2 quasits
  3 crimson imps
  6 orc priests
  2 jellies
  5 hounds
  9 orc wizards
  2 bullfrog skeletons
  6 worker ants
  5 iguanas
  4 ogre zombies (D:9)
  2 hound skeletons
  2 worker ant zombies (D:6)
  11 adders
  A gnoll (D:6)
  A howler monkey skeleton (D:6)
  2 shadow imps (D:6)
  2 adder skeletons (D:9)
  An adder zombie (D:5)
  A worm (D:3)
  5 dart slugs
  4 leopard geckos
  36 orcs
  4 ball pythons
  3 bats
  6 giant cockroaches
  6 goblins
  9 hobgoblins
  3 jackals (D:6)
  13 kobolds
  8 quokkas
  6 frilled lizards
  2 goblin skeletons (D:9)
  2 leopard gecko skeletons
  A leopard gecko zombie (D:9)
  5 orc skeletons (D:9)
  11 orc zombies (D:9)
  A rat (D:1)
249 creatures vanquished.

Vanquished Creatures (collateral kills)
  An ogre (D:7)
  A centaur (D:10)
  2 adders
  An orc (D:9)
  A goblin zombie (D:9)
6 creatures vanquished.

Vanquished Creatures (others)
  An orc wizard (D:3)
  An orc (D:7)
2 creatures vanquished.

Grand Total: 257 creatures vanquished

Notes
Turn   | Place    | Note
-------+----------+-------------------------------------------
     0 | D:1      | pstr the Naga Earth Elementalist began the quest for the Orb.
     0 | D:1      | Reached XP level 1. HP: 15/15 MP: 3/3
   298 | D:1      | Reached XP level 2. HP: 22/22 MP: 5/5
   829 | D:1      | Reached XP level 3. HP: 28/28 MP: 4/6
   834 | D:1      | Learned a level 3 spell: Stone Arrow
  1342 | D:2      | Reached skill level 4 in Earth Magic
  1342 | D:2      | Reached XP level 4. HP: 10/36 MP: 1/8
  2500 | D:2      | Reached XP level 5. HP: 42/42 MP: 2/9
  2719 | D:3      | Reached skill level 1 in Conjurations
  3492 | D:3      | Found a bloodstained altar of Trog.
  3718 | D:4      | Found a sparkling altar of Nemelex Xobeh.
  3718 | D:4      | Found a snail-covered altar of Cheibriados.
  3719 | D:4      | Found an iron altar of Okawaru.
  3725 | D:4      | Became a worshipper of Nemelex Xobeh the Trickster
  3766 | D:4      | Received a gift from Nemelex Xobeh
  3803 | D:4      | Noticed an ogre
  3811 | D:4      | Reached XP level 6. HP: 46/50 MP: 5/11
  3838 | D:4      | HP: 1/50 [ogre/giant spiked club (24)]
  3839 | D:4      | You fall through a shaft for 2 floors!
  4144 | D:6      | Found an opulent altar of Gozag.
  4146 | D:6      | Found a shattered altar of Ashenzari.
  4157 | D:6      | Found a blossoming altar of Fedhas.
  4252 | D:6      | Noticed a sky beast
  4257 | D:6      | Killed a sky beast
  4257 | D:6      | Reached skill level 5 in Earth Magic
  4333 | D:6      | Noticed Sigmund
  4336 | D:6      | Killed Sigmund
  4336 | D:6      | Reached XP level 7. HP: 56/56 MP: 3/14
  4467 | D:6      | Reached skill level 5 in Spellcasting
  4934 | D:6      | Noticed Dowan
  4935 | D:6      | Noticed Duvessa
  4939 | D:6      | Killed Duvessa
  4943 | D:6      | Killed Dowan
  4968 | D:6      | Learned a level 5 spell: Lee's Rapid Deconstruction
  4970 | D:6      | Learned a level 1 spell: Animate Skeleton
  5039 | D:5      | Entered Level 5 of the Dungeon
  5062 | D:5      | Reached XP level 8. HP: 63/63 MP: 9/16
  5181 | D:5      | Reached skill level 6 in Earth Magic
  5720 | D:5      | Noticed Grinder
  5729 | D:5      | Killed Grinder
  5896 | D:4      | Reached skill level 1 in Armour
  6081 | D:4      | Reached * piety under Nemelex Xobeh
  6091 | D:4      | Found a stormy altar of Qazlal.
  6184 | D:4      | Reached XP level 9. HP: 69/69 MP: 7/19
  6260 | D:4      | Found a hazy altar of Hepliaklqana.
  6514 | D:4      | Reached skill level 7 in Earth Magic
  6835 | D:5      | Found a glowing golden altar of the Shining One.
  7594 | D:7      | Found Xoed's Assorted Antiques.
  7993 | D:7      | Found a radiant altar of Vehumet.
  7999 | D:7      | Reached skill level 5 in Conjurations
  8036 | D:7      | Reached ** piety under Nemelex Xobeh
  8044 | D:7      | Received a gift from Nemelex Xobeh
  8148 | D:7      | Found a staircase to the Ecumenical Temple.
  8583 | D:7      | Received a gift from Nemelex Xobeh
  9331 | D:8      | Noticed Gastronok
  9370 | D:8      | Killed Gastronok
  9370 | D:8      | Reached skill level 1 in Fighting
  9370 | D:8      | Reached skill level 1 in Necromancy
  9370 | D:8      | Reached skill level 8 in Earth Magic
  9370 | D:8      | Reached skill level 1 in Invocations
  9370 | D:8      | Reached XP level 10. HP: 72/78 MP: 6/22
  9484 | D:8      | Found Murch's Armour Emporium.
  9796 | D:8      | Reached *** piety under Nemelex Xobeh
 10118 | D:9      | Found a basalt altar of Yredelemnul.
 10118 | D:9      | Found a shimmering altar of Xom.
 10229 | D:9      | Found a staircase to the Orcish Mines.
 10796 | D:9      | Received a gift from Nemelex Xobeh
 11107 | D:9      | Found a transporter.
 11121 | D:9      | Reached skill level 9 in Earth Magic
 11730 | D:9      | Found a transporter.
 11749 | D:9      | Reached XP level 11. HP: 84/84 MP: 6/24
 11825 | D:9      | Got a twitching glass ring
 11881 | D:10     | Entered Level 10 of the Dungeon
 11881 | D:10     | Noticed an unseen horror
 11885 | D:10     | Killed an unseen horror
 12004 | D:10     | Got an uncursed steaming rapier {flame}
 12005 | D:10     | Identified the +1 rapier "Sanakin" {flame, rF+ MR+ Str+4 Dex-2} (You took it off a centaur on level 10 of the Dungeon)
 12084 | D:10     | Received a gift from Nemelex Xobeh
 12170 | D:10     | Noticed a two-headed ogre
 12173 | D:10     | Killed a two-headed ogre
 12425 | D:10     | Reached **** piety under Nemelex Xobeh
 12452 | D:10     | Found a bloodstained altar of Trog.
 12581 | D:10     | Noticed a white ugly thing
 12976 | D:10     | Killed a white ugly thing
 13224 | D:11     | Reached skill level 10 in Earth Magic
 13392 | D:11     | HP: 2/85 [centaur/arrow (11)]
 13392 | D:11     | Shot with an arrow by a centaur

Skill      XL: |  1  2  3  4  5  6  7  8  9 10 11 |
---------------+----------------------------------+-----
Earth Magic    | 4 5 6 8 9 10 | 10.2
Spellcasting   | 3 4 5 6 8 9 |  9.7
Conjurations   | 2 4 6 7 |  7.5
Dodging        | 2 3 |  3.1
Armour         | 1 3 |  3.8
Stealth        | 4 |  4.6
Fighting       | 1 |  1.4
Necromancy     | 1 |  1.4
Invocations    | 1 2 |  2.8
Staves         | |  0.3
Transmutations | |  1.0

Action                   |  1- 3 |  4- 6 |  7- 9 | 10-12 || total
-------------------------+-------+-------+-------+-------++-------
Melee: Unarmed           |       |     1 |       |       ||     1
       Staff             |       |     2 |     5 |     2 ||     9
Throw: Stone             |     1 |       |       |       ||     1
 Cast: Sandblast         |    28 |    31 |    25 |    24 ||   108
       Stone Arrow       |     4 |    36 |   125 |   161 ||   326
       Animate Skeleton  |       |       |     8 |    18 ||    26
       Lee's Rapid Decon |       |       |     2 |     5 ||     7
 Abil: Spit Poison       |    11 |    11 |    22 |     7 ||    51
Evoke: Deck              |       |     1 |     3 |     7 ||    11
  Use: Potion            |       |       |     8 |       ||     8
       Scroll            |       |       |       |    11 ||    11
  Eat: Chunk             |     1 |    12 |    18 |     5 ||    36
       Ration            |       |       |       |     2 ||     2
Armor: Robe              |     5 |     8 |     2 |       ||    15
       Leather armour    |       |       |    10 |    40 ||    50
Dodge: Dodged            |    12 |    40 |    32 |    53 ||   137
